 Dungeon Crawl Stone Soup version 0.29.1-15-g9cfb28693d (webtiles) character file.

Game seed: 10336919661663464062

104 Coltbek the Cudgeller (level 4, -1/38 HPs)
             Began as a Demonspawn Fighter on Mar 20, 2023.
             Slain by Natasha (2 damage)
             ... on level 2 of the Dungeon.
             The game lasted 00:05:41 (1778 turns).

Coltbek the Cudgeller (Demonspawn Fighter)          Turns: 1778, Time: 00:05:42

Health: -1/38      AC:  9    Str: 18    XL:     4   Next: 52%
Magic:  4/4        EV:  6    Int:  9    God:
Gold:   115        SH:  4    Dex: 13    Spells: 3/3 levels left

rFire   . . .      SeeInvis .   a - +0 flail
rCold   . . .      Faith    .   c - +0 buckler
rNeg    . . .      Spirit   .   f - +0 chain mail
rPois   .          Reflect  .   (no helmet)
rElec   .          Harm     .   (no cloak)
rCorr   .          Rampage  .   (no gloves)
Will    .....                   (no boots)
Stlth   ..........              (no amulet)
HPRegen 0.12/turn               (no ring)
MPRegen 0.09/turn               (no ring)

@: mighty, slowed, very slow
A: ignite blood 2, robust 1
a: no special abilities


You were on level 2 of the Dungeon.
You visited 1 branch of the dungeon, and saw 2 of its levels.

You collected 115 gold pieces.

Inventory:

Hand Weapons
 a - a +0 flail (weapon)
Armour
 b - a +0 scale mail
 c - a +0 buckler (worn)
 f - a +0 chain mail (worn)
Scrolls
 e - a scroll of identify {unknown}
 g - a scroll of noise {unknown}
 h - a scroll of magic mapping {unknown}
 i - a scroll of fog {unknown}
 k - a scroll of amnesia {unknown}
Potions
 j - a potion of invisibility {unknown}


   Skills:
 - Level 3.0 Fighting
 * Level 4.2 Maces & Flails
 - Level 2.7 Armour
 - Level 2.7 Shields


You had 3 spell levels left.
You didn't know any spells.
Your spell library was empty.

Dungeon Overview and Level Annotations

Branches:
Dungeon (2/15)

Altars:

Shops:
D:2 =(

Annotations:
D:2 Natasha


Innate Abilities, Weirdness & Mutations

Your demonic aura often causes spilled blood to erupt in flames.
You are robust. (+10% HP)


Message History

Found 2 stones.
An endoplasm comes into view.
Natasha mumbles some strange words.
Natasha stares at you and mumbles some strange words.
The magic dart hits you. Natasha casts a spell at you.
You feel yourself slow down. The shadow imp gestures at you.
Pain shoots through your body!
Natasha stares at you and mumbles some strange words.
You feel as though you will be slow longer.
Natasha stares at you and mumbles some strange words.
The magic dart hits you. The shadow imp hits you.
You hit the shadow imp but do no damage.
The shadow imp gestures at you.
You barely resist. The endoplasm freezes you.
You are frozen.
The shadow imp hits you.
* * * LOW HITPOINT WARNING * * *
The endoplasm hits you but does no damage.
The shadow imp attacks as you move away!
You block the shadow imp's attack.
The shadow imp grins evilly.
You block the shadow imp's attack. The endoplasm attacks as you move away!
The endoplasm hits you but does no damage.
The endoplasm freezes you.
You are frozen.
* * * LOW HITPOINT WARNING * * *
You feel very mighty all of a sudden. Natasha completely misses you.
The shadow imp hits you.
* * * LOW HITPOINT WARNING * * *
The endoplasm hits you.
* * * LOW HITPOINT WARNING * * *
The shadow imp hits you but does no damage.
Natasha stares at you and mumbles some strange words.
You feel as though you will be slow longer.
You completely miss Natasha. The endoplasm barely misses you.
Natasha claws you.
You die...

#...........#
#.#
#..........(#
#.#
###.........####
#.#
............#
#.#
............#
............#
...........#
#######.h..#
#@5..###
#.J....#
#......#
####...# #...#
#.......#
#...........
#...........
#...........


You could see Natasha, a shadow imp (summoned) and an endoplasm.

Vanquished Creatures
  Natasha (twice) (D:2)
  An adder (D:2)
  2 worms (D:2)
  An orc (D:2)
  2 ball pythons (D:2)
  2 bats (D:1)
  2 endoplasms (D:1)
  A giant cockroach (D:2)
  3 goblins (D:1)
  7 hobgoblins
  4 jackals (D:1)
  2 quokkas (D:1)
  4 frilled lizards (D:1)
  3 kobolds
  A rat (D:1)
37 creatures vanquished.

Notes
Turn   | Place    | Note
-------+----------+-------------------------------------------
     0 | D:1      | Coltbek the Demonspawn Fighter began the quest for the Orb.
     0 | D:1      | Reached XP level 1. HP: 18/18 MP: 1/1
   234 | D:1      | Reached skill level 2 in Maces & Flails
   269 | D:1      | Gained mutation: Your demonic aura sometimes causes spilled
                  | blood to erupt in flames. [demonic ancestry]
   269 | D:1      | Reached XP level 2. HP: 18/24 MP: 2/2
   598 | D:1      | Gained mutation: You are robust. (+10% HP) [potion of
                  | mutation]
   911 | D:1      | Reached skill level 3 in Maces & Flails
  1091 | D:2      | Found Ifoagg's Jewellery Emporium.
  1108 | D:2      | Reached XP level 3. HP: 30/31 MP: 3/3
  1131 | D:2      | Found Nutaxzob's Weapon Shop.
  1171 | D:2      | Noticed Natasha
  1197 | D:2      | Killed Natasha
  1213 | D:2      | Gained mutation: Your demonic aura often causes spilled
                  | blood to erupt in flames. [demonic ancestry]
  1213 | D:2      | Reached XP level 4. HP: 23/38 MP: 4/4
  1255 | D:2      | Noticed Natasha
  1261 | D:2      | Killed Natasha
  1262 | D:2      | Reached skill level 4 in Maces & Flails
  1764 | D:2      | Noticed Natasha
  1777 | D:2      | HP: 1/38 [endoplasm (2)]
  1778 | D:2      | Slain by Natasha

Illustrated notes

Levels and vault maps discovered:
D:1:      lemuel_arrival_tunnels, layout_loops_ring, serial_park_tiny_pond
D:2:      layout_basic, serial_shops, nicolae_shop_waterfront,
          nicolae_lakefront_shop, nicolae_shop_crystal, shop, shop, uniq_natasha

Skill      XL: |  1  2  3  4 |
---------------+-------------+-----
Maces & Flails | 2 3 4 |  4.2
Fighting       | |  3.0
Armour         | |  2.7
Shields        | |  2.7

Action                   |  1- 3 |  4- 6 || total
-------------------------+-------+-------++-------
Melee: Flail             |    96 |    26 ||   122
  Use: Potion            |     2 |     1 ||     3
Armor: Chain mail        |    98 |    10 ||   108
       Scale mail        |     5 |       ||     5
Dodge: Dodged            |    37 |     5 ||    42
Block: Buckler           |    32 |     7 ||    39
